 Dungeon Crawl Stone Soup version 0.31.0-11-ge490571c62 (webtiles) character file.

Game seed: 9013274049046793536

269759 labirda the Slayer (level 19, -18/185 HPs)
             Began as a Minotaur Fighter on Feb 4, 2024.
             Was the Champion of Hepliaklqana.
             Killed from afar by an ironbound thunderhulk (28 damage)
             ... with a bolt of lightning
             ... on level 3 of the Vaults.
             The game lasted 05:20:08 (54479 turns).

labirda the Slayer (Minotaur Fighter)              Turns: 54479, Time: 05:20:09

Health: -18/185    AC: 32    Str: 43    XL:     19   Next: 79%
Magic:  18/18      EV: 14    Int:  5    God:    Hepliaklqana [******]
Gold:   1635       SH: 15    Dex: 14    Spells: 18/18 levels left

rFire   + . .        p - +5 Force Lance {heavy, knockback}
rCold   + + +        i - +1 kite shield
rNeg    . . .        m - +2 gold dragon scales
rPois   +            (helmet restricted)
rElec   .            C - +2 cloak
rCorr   .            A - +1 pair of gloves "Peisu" {Str+3 Dex+5}
SInv    .            M - +2 pair of boots of the Unseen Realm {rC++}
Will    +....        J - amulet of regeneration Stlth
                     S - +6 ring of strength
HPRegen 1.30/turn    F - +6 ring of strength
MPRegen 0.16/turn

%: no passive effects
@: studying Armour
A: reduced essence, horns 2, retaliatory headbutt, clumsy 1
}: 1/15 runes: gossamer
a: Renounce Religion, Recall Ancestor, Ancestor Identity, Transference, Idealise


You were on level 3 of the Vaults.
You worshipped Hepliaklqana.
Hepliaklqana was exalted by your worship.
You visited 6 branches of the dungeon, and saw 33 of its levels.
You visited the Abyss 1 time.
You also visited: Sewer and Ice Cave.

You collected 3848 gold pieces.
You spent 2213 gold pieces at shops.

Inventory:

Hand Weapons
 p - the +5 Force Lance (weapon) {heavy, knockback}
   (You found it on level 3 of the Dungeon)
Missiles
 K - 2 atropa-tipped darts
 W - 12 boomerangs
Armour
 i - a +1 kite shield (worn)
 m - +2 gold dragon scales (worn)
 v - a +6 scale mail of fire resistance
 A - the +1 pair of gloves "Peisu" (worn) {Str+3 Dex+5}
   (You bought it in a shop on level 2 of the Orcish Mines)

   Str+3:     It affects your strength (+3).
   Dex+5:     It affects your dexterity (+5).
 C - a +2 cloak (worn)
 M - the +2 pair of boots of the Unseen Realm (worn) {rC++}
   (You found it on level 7 of the Dungeon)

   rC++:      It greatly protects you from cold.
Jewellery
 a - a +5 ring of evasion
 f - a +6 ring of dexterity
 h - a ring of resist corrosion
 q - a ring of poison resistance
 F - a +6 ring of strength (right hand)
 H - a ring of see invisible
 J - an amulet of regeneration (around neck)
 N - a ring of flight
 R - a ring of positive energy
 S - a +6 ring of strength (left hand)
 V - a ring of willpower
 Y - a ring of resist corrosion
Wands
 e - a wand of mindburst (19)
 n - a wand of polymorph (4)
 t - a wand of digging (1)
 y - a wand of iceblast (16)
 I - a wand of quicksilver (36)
 L - a wand of flame (21)
 P - a wand of paralysis (38)
Scrolls
 c - 6 scrolls of noise
 l - 8 scrolls of fog
 o - 2 scrolls of enchant weapon
 z - 6 scrolls of revelation
 D - 2 scrolls of poison
 E - 3 scrolls of teleportation
 Q - 3 scrolls of blinking
 U - a scroll of vulnerability
 X - 9 scrolls of identify (quivered)
 Z - 7 scrolls of fear
Potions
 b - 3 potions of magic
 d - 6 potions of might
 g - a potion of heal wounds
 j - 4 potions of berserk rage
 k - 3 potions of cancellation
 r - 10 potions of haste
 s - 4 potions of lignification
 u - 8 potions of curing
 w - 8 potions of brilliance
 x - 3 potions of invisibility
 B - 2 potions of enlightenment
 O - 5 potions of ambrosia
Miscellaneous
 G - a phantom mirror
 T - a lightning rod (4/4)


   Skills:
 * Level 26.9 Fighting
 - Level 4.1(13.9) Axes
 - Level 20.3(20.4) Polearms
 * Level 16.1 Armour
 - Level 15.2 Dodging
 * Level 16.0 Shields
 - Level 0.5 Unarmed Combat
 - Level 2.1 Evocations


You had 18 spell levels left.
You didn't know any spells.
Your spell library contained the following spells:

 Spells                   Type           Power      Damage    Failure   Level
 Apportation              Tloc           0%         N/A       99%         1
 Foxfire                  Conj/Fire      0%         2x1d4     99%         1
 Kiss of Death            Conj/Necr      0%         2d5       99%         1
 Necrotise                Necr           0%         1d4       99%         1
 Sting                    Conj/Alch      0%         1d3       99%         1
 Summon Small Mammal      Summ           0%         N/A       99%         1
 Cigotuvi's Dreadful Rot  Necr/Alch/Air  0%         N/A       100%        2
 Mercury Vapours          Alch/Air       0%         N/A       100%        2
 Sublimation of Blood     Necr           0%         N/A       100%        2
 Confusing Touch          Hex            0%         N/A       100%        3
 Dazzling Flash           Conj/Hex       0%         N/A       100%        3
 Fugue of the Fallen      Necr           0%         N/A       100%        3
 Gell's Gravitas          Tloc           0%         N/A       100%        3
 Mephitic Cloud           Conj/Alch/Air  0%         N/A       100%        3
 Ozocubu's Armour         Ice            0%         N/A       100%        3
 Teleport Other           Tloc           0%         N/A       100%        3
 Animate Armour           Summ/Erth      0%         N/A       100%        4
 Dispel Undead            Necr           0%         3d6       100%        4
 Manifold Assault         Tloc           0%         N/A       100%        4
 Martyr's Knell           Necr/Summ      0%         N/A       100%        4
 Olgreb's Toxic Radiance  Alch           0%         N/A       100%        4
 Passage of Golubria      Tloc           0%         N/A       100%        4
 Summon Blazeheart Golem  Fire/Summ      0%         N/A       100%        4
 Curse of Agony           Necr           0%         N/A       100%        5
 Iskenderun's Battlesphe  Conj           0%         2d6       100%        5
 Silence                  Hex/Air        0%         N/A       100%        5
 Bombard                  Conj/Erth      0%         9d1       100%        6
 Death Channel            Necr           0%         N/A       100%        6
 Dispersal                Tloc           0%         N/A       100%        6
 Plasma Beam              Fire/Air       0%         2x1d10    100%        6
 Sculpt Simulacrum        Ice/Alch       0%         N/A       100%        6
 Starburst                Conj/Fire      0%         6d3       100%        6
 Malign Gateway           Summ/Tloc      0%         N/A       100%        7
 Orb of Destruction       Conj           0%         9d5       100%        7
 Spellforged Servitor     Conj/Summ      0%         N/A       100%        7
 Ignition                 Fire           0%         3d3       100%        8
 Lehudib's Crystal Spear  Conj/Erth      0%         10d2      100%        8
 Summon Horrible Things   Summ           0%         N/A       100%        8


Dungeon Overview and Level Annotations

Branches:
Dungeon (15/15)            Temple (0/1) D:5            Lair (5/5) D:11
 Shoals (4/4) Lair:2       Spider (4/4) Lair:2        Slime (0/5) Lair:4
    Orc (2/2) D:11            Elf (0/3) Orc:2        Vaults (3/5) D:13
  Crypt (0/3) Vaults:3     Depths (0/4) D:15          Sewer (visited)
  IceCv (visited)

Altars:
Cheibriados
Elyvilon
Gozag
Hepliaklqana
Makhleb
Qazlal
Uskayaw
Vehumet

Shops:
D:6 [*?(   D:7 *   D:10 *   D:11 *   D:15 =   Orc:2 ([[[

Portals:
Abyss: Vaults:2

Annotations:
Lair:2 exclusion: ice statue
Shoals:4 Bai Suzhen, Mara
Vaults:2 2 transporters


Innate Abilities, Weirdness & Mutations

Your life essence is reduced to manifest your ancestor. (-10% HP)
You have a pair of horns on your head.
You reflexively headbutt those who attack you in melee.
You are clumsy. (Dex -2)


Message History

The sentinel's mark upon you fades away.
The frost giant hits you with a +1 battleaxe of freezing!
You barely miss the frost giant. You headbutt the frost giant.
The frost giant is lightly wounded.
The slime creature closely misses you.
You spit the frost giant like a pig!!! Your headbutt misses the frost giant.
The frost giant is heavily wounded.
The frost giant hits you with a +1 battleaxe of freezing!!
* * * LOW HITPOINT WARNING * * *
The frost giant freezes you.
* * * LOW HITPOINT WARNING * * *
Electricity crackles from the ironbound thunderhulk's apparatus.
The bolt of lightning misses you. The slime creature misses you.
You furiously retaliate!
You headbutt the slime creature!
You skewer the slime creature like a kebab!!!
The slime creature is knocked back by the blow.
The slime creature is almost dead.
The frost giant hits you with a +1 battleaxe of freezing.
* * * LOW HITPOINT WARNING * * *
You hit the frost giant.
You headbutt the frost giant, but do no damage.
The frost giant is heavily wounded.
The frost giant completely misses you.
Strange energies crackle from the ironbound thunderhulk's apparatus.
The ironbound thunderhulk blinks!
You perforate the frost giant like a sieve!!!
You headbutt the frost giant, but do no damage.
The frost giant is almost dead.
The slime creature barely misses you.
You puncture the frost giant!
You kill the frost giant!
Your life force feels restored.
You stick the slime creature like a pincushion!!!
You kill the slime creature!
Electricity crackles from the ironbound thunderhulk's apparatus.
The bolt of lightning hits you!!!
* * * LOW HITPOINT WARNING * * *
Electricity crackles from the ironbound thunderhulk's apparatus.
The bolt of lightning hits you!!
You die...

#... #...
#..# #...
#..+ #...
#..# #...
#..# ####
# #..#
##. ...
#..# #..
....##).#
###..
.....')@#
#..).
.....'..#
+....#
.<..p#..#
+.....
.....#..#
+....#
..O. #..#
##....
.... #..#
###.. ...
#..# #..
#..# ##.
#..######
##


You could see an ironbound thunderhulk and an ironbound convoker (paralysed,
drained).

Vanquished Creatures
  A dread lich (Abyss:3)
  Arachne (Spider:3)
  Jorgrun (Spider:3)
  The ghost of Anosyof the Impaler, an adept CeHu of Okawaru (Vaults:2)
  A sphinx (Vaults:3)
  2 krakens (Shoals:2)
  Frances (Spider:2)
  Ilsuiw (Shoals:2)
  A tengu reaver (Vaults:2)
  A storm dragon (Vaults:1)
  6 vault wardens
  2 frost giants (Vaults:3)
  3 emperor scorpions
  A cacodemon (Vaults:2)
  5 ghost moths
  5 ironbound preservers
  An orc warlord (Vaults:2)
  3 broodmothers
  4 ironbound thunderhulks
  A formless jellyfish (Shoals:4)
  3 vampire knights (Vaults:3)
  A deep elf death mage (Vaults:2)
  A deep elf demonologist (Vaults:3)
  Azrael (Spider:3)
  8 dire elephants
  A deep elf annihilator (Vaults:2)
  A crystal guardian (Vaults:2)
  3 merfolk javelineers
  2 ettins
  6 merfolk impalers
  5 yaktaur captains
  6 entropy weavers
  3 great orbs of eyes
  12 vault guards
  7 hydras
  Harold (Lair:2)
  4 merfolk avatars
  4 jorogumos (Spider:4)
  A catoblepas (Shoals:3)
  3 ogre magi
  4 ironbound frosthearts
  9 centaur warriors
  4 two-headed ogres
  A merfolk aquamancer (Shoals:4)
  An alligator snapping turtle (Shoals:3)
  A vampire mage (Vaults:3)
  7 boulder beetles
  A satyr (Shoals:4)
  The ghost of ProzacElf the Grappler, a novice TrHW of Fedhas (D:9)
  6 thrashing horrors (Abyss:3)
  A deep troll earth mage (Vaults:2)
  7 demonic crawlers
  10 death yaks
  4 orc high priests (Orc:2)
  2 deep elf knights (D:13)
  3 wretched stars
  6 skysharks
  5 pharaoh ants
  3 sun demons (Abyss:3)
  10 sea snakes
  4 arcanists
  A spatial maelstrom (Abyss:3)
  2 glowing orange brains
  A lindwurm (Vaults:2)
  3 deep trolls (Vaults:2)
  6 orb spiders
  A bog body (IceCv)
  3 sun moths
  5 ironbound convokers
  2 necromancers
  7 steelbarb worms
  5 harpies
  12 manticores
  34 ugly things
  5 orc knights
  3 deep elf pyromancers
  15 wolf spiders
  5 orc sorcerers (Orc:2)
  A faun (Shoals:1)
  2 elephants (Lair:1)
  A kobold blastminer (Orc:2)
  A moth of wrath (Spider:4)
  8 vault sentinels
  9 merfolk sirens
  A smoke demon (Abyss:3)
  7 black mambas
  A black mamba (shapeshifter) (Vaults:2)
  4 torpor snails
  An orange demon (Abyss:3)
  A water nymph (Shoals:1)
  2 ice statues (IceCv)
  5 cane toads
  3 large abominations
  2 rime drakes (Lair:3)
  2 kobold demonologists
  6 ice devils (IceCv)
  A tengu conjurer (D:13)
  An unseen horror (D:11)
  2 anaconda simulacra (IceCv)
  6 komodo dragons
  20 yaktaurs
  The ghost of boberto the Slasher, a novice DEMo (D:5)
  5 trolls
  6 wind drakes
  16 merfolk
  28 tarantellas
  A blink frog (shapeshifter) (Vaults:2)
  10 blink frogs
  9 polar bears
  11 snapping turtles
  3 raiju (Abyss:3)
  4 dream sheep (Shoals:3)
  7 slime creatures
  25 jumping spiders
  13 culicivoras
  30 yaks
  2 water elementals
  6 wyverns
  A ynoxinul (Abyss:3)
  Eustachio (D:5)
  2 spriggans (D:9)
  2 wraiths
  52 redbacks
  A golden eye (shapeshifter) (D:14)
  6 basilisks
  3 fire elementals (Spider:3)
  3 steam dragons
  A chaos spawn (Abyss:3)
  4 vampire mosquitoes (D:15)
  Menkaure (D:5)
  11 water moccasins
  A harpy simulacrum (IceCv)
  5 hydra simulacra (IceCv)
  2 hell hounds (Spider:3)
  14 orc warriors
  7 laughing skulls
  Pargi (Sewer)
  6 ice beasts
  A sky beast (D:6)
  2 black bears
  8 ogres
  3 boggarts (D:15)
  6 wolves
  6 centaurs
  2 phantoms (D:7)
  2 kobold brigands
  12 bullfrogs
  2 gnoll sergeants
  A two-headed ogre simulacrum (IceCv)
  2 scorpions (D:5)
  10 wights
  2 hexers
  4 killer bees (D:11)
  3 bombardier beetles
  3 hounds
  A jelly (Lair:4)
  13 orc priests
  12 starcursed masses
  A sleepcap (D:5)
  A gnoll bouda (D:8)
  3 iguanas
  Crazy Yiuf (D:7)
  Ijyb (D:5)
  15 orc wizards
  A troll simulacrum (IceCv)
  13 gnolls
  9 adders
  3 white imps
  An ufetubus (D:6)
  4 dart slugs
  3 ribbon worms
  31 orcs
  8 endoplasms
  4 giant cockroaches
  8 goblins
  6 hobgoblins
  6 jackals
  14 kobolds
  8 quokkas
  7 ball pythons
  3 bats
  2 frilled lizards
  6 rats
  3 tentacles
960 creatures vanquished.

Vanquished Creatures (collateral kills)
  Polyphemus (Shoals:3)
  A kraken (Shoals:1)
  Agnes (Spider:3)
  An emperor scorpion (Spider:2)
  A ghost moth (Spider:3)
  A cacodemon (Abyss:3)
  A balrug (Abyss:3)
  A deep elf demonologist (Vaults:2)
  A crystal guardian (Vaults:2)
  An entropy weaver (Spider:4)
  3 yaktaur captains
  A vault guard (D:13)
  A great orb of eyes (Vaults:3)
  2 ogre magi (D:15)
  2 hydras
  A jorogumo (Spider:4)
  A two-headed ogre (D:11)
  3 merfolk avatars
  A radroach (Spider:2)
  A death yak (Lair:4)
  A tengu warrior (D:14)
  A sun demon (Abyss:3)
  Sonja (Lair:3)
  2 thrashing horrors (Abyss:3)
  A skyshark (shapeshifter) (D:15)
  Lodul (D:11)
  A pharaoh ant (Spider:4)
  A skyshark (Shoals:1)
  3 sea snakes
  A deep troll (Vaults:2)
  A lindwurm (Vaults:2)
  4 orb spiders
  2 arcanists
  An orc knight (Orc:2)
  A necromancer (Vaults:2)
  3 steelbarb worms
  A harpy (Shoals:1)
  An orc sorcerer (Orc:2)
  3 wolf spiders
  5 ugly things
  2 cyclopes
  A manticore (Shoals:3)
  2 vault sentinels
  An elephant (Lair:5)
  2 water nymphs
  A gargoyle (D:10)
  A torpor snail (Spider:2)
  A black mamba (Lair:3)
  A cane toad (Lair:4)
  An unseen horror (Abyss:3)
  6 komodo dragons
  2 rime drakes
  Jeremiah (D:6)
  Psyche (D:9)
  6 yaktaurs
  An ice devil (IceCv)
  A polar bear (shapeshifter) (D:15)
  Grinder (D:6)
  3 merfolk
  Prince Ribbit (D:6)
  3 tarantellas
  A snapping turtle (Shoals:4)
  4 blink frogs
  A raiju (Abyss:3)
  13 jumping spiders
  5 culicivoras
  7 slime creatures
  A spriggan (D:9)
  A wyvern (D:10)
  A water elemental (Shoals:4)
  15 yaks
  A basilisk (Lair:1)
  3 steam dragons
  12 redbacks
  3 water moccasins
  A hell hound (Spider:3)
  2 sky beasts
  A laughing skull (D:14)
  2 ice beasts
  4 orc warriors
  8 ogres
  2 boggarts (D:15)
  A wolf (Lair:4)
  2 centaurs
  2 kobold brigands
  6 bullfrogs
  2 two-headed ogre simulacra (IceCv)
  3 killer bees
  A howler monkey (D:9)
  A jelly (D:5)
  4 orc priests
  10 orc wizards
  7 gnolls
  3 adders
  2 white imps
  16 orcs
  A jackal (Sewer)
  3 kobolds
  4 tentacles
256 creatures vanquished.

Vanquished Creatures (others)
  A yaktaur (Vaults:1)
  A tarantella (Spider:4)
  A jumping spider (Spider:4)
  A culicivora (Spider:4)
  2 redbacks
  An orc wizard (D:9)
  62 hexers
  2 ancestors
  An adder (D:6)
  A white imp (D:6)
  An ufetubus (D:6)
  A lurking horror (Abyss:3)
  2 starspawn tentacles (Abyss:3)
  22 tentacles
99 creatures vanquished.

Grand Total: 1315 creatures vanquished

Notes
Turn   | Place    | Note
-------+----------+-------------------------------------------
     0 | D:1      | labirda the Minotaur Fighter began the quest for the Orb.
     0 | D:1      | Reached XP level 1. HP: 19/19 MP: 0/0
    66 | D:1      | Reached XP level 2. HP: 18/27 MP: 1/1
    68 | D:1      | Reached skill level 4 in Fighting
   290 | D:1      | Found a faded altar of an unknown god.
   307 | D:1      | Reached XP level 3. HP: 33/33 MP: 2/2
   777 | D:2      | Identified the +1 robe of the Morning Star {rElec rF+}
   867 | D:2      | Reached XP level 4. HP: 32/41 MP: 3/3
  1267 | D:3      | Found the +5 Force Lance {heavy, knockback}
  1417 | D:3      | Found a snail-covered altar of Cheibriados.
  1520 | D:3      | Reached skill level 1 in Polearms
  1774 | D:3      | Reached XP level 5. HP: 47/47 MP: 4/4
  2143 | D:3      | Reached skill level 5 in Fighting
  2427 | D:4      | Noticed an ogre
  2434 | D:4      | Killed an ogre
  2435 | D:4      | Reached skill level 5 in Armour
  2435 | D:4      | Reached XP level 6. HP: 51/56 MP: 5/5
  2547 | D:4      | Found a hazy altar of Hepliaklqana.
  2558 | D:4      | Became a worshipper of Hepliaklqana the Forgotten
  2610 | D:4      | Identified the staff of the Messenger {rF+ MP+9 Str+3
                  | Stlth+ Fire}
  2943 | D:5      | Entered Level 5 of the Dungeon
  2986 | D:5      | Reached * piety under Hepliaklqana
  3016 | D:5      | Found a runed translucent door.
  3026 | D:5      | Noticed boberto's ghost (novice DEMo)
  3177 | D:5      | Noticed Menkaure
  3181 | D:5      | Killed Menkaure
  3182 | D:5      | Reached skill level 5 in Polearms
  3182 | D:5      | Reached XP level 7. HP: 55/55 MP: 6/6
  3317 | D:5      | Found a glowing drain.
  3332 | Sewer    | Entered a sewer
  3497 | Sewer    | Noticed Pargi
  3505 | Sewer    | Killed Pargi
  3781 | D:5      | Found an opulent altar of Gozag.
  3965 | D:5      | Found a white marble altar of Elyvilon.
  3967 | D:5      | Noticed Ijyb
  3968 | D:5      | Found a hide-covered altar of Uskayaw.
  3989 | D:5      | Killed Ijyb
  4353 | D:5      | Noticed Eustachio
  4357 | D:5      | Killed Eustachio
  4358 | D:5      | Reached skill level 6 in Fighting
  4358 | D:5      | Reached XP level 8. HP: 63/63 MP: 7/7
  4388 | D:5      | Found a staircase to the Ecumenical Temple.
  4692 | D:6      | Noticed Jeremiah
  4938 | D:6      | Reached ** piety under Hepliaklqana
  4939 | D:6      | Remembered your ancestor Rana as a hexer
  5031 | D:6      | Found Huatozoz's General Store.
  5033 | D:6      | Found Dalle's Armour Shop.
  5033 | D:6      | Noticed Prince Ribbit
  5034 | D:6      | Found Taoxi's Antique Weapon Shop.
  5035 | D:6      | Found Horph's Magic Scroll Shop.
  5039 | D:6      | Killed Prince Ribbit
  5049 | D:6      | Noticed Grinder
  5057 | D:6      | Killed Grinder
  5058 | D:6      | Reached skill level 1 in Evocations
  5058 | D:6      | Reached XP level 9. HP: 60/70 MP: 8/8
  5059 | D:6      | Bought a potion of curing for 45 gold pieces
  5059 | D:6      | Bought a potion of resistance for 150 gold pieces
  5068 | D:6      | Bought a +0 pair of boots for 49 gold pieces
  5164 | D:6      | Reached skill level 7 in Fighting
  5299 | D:6      | Reached skill level 10 in Polearms
  5468 | D:6      | Killed Jeremiah
  5656 | D:7      | Reached skill level 8 in Fighting
  5819 | D:7      | Identified the +2 pair of boots of the Unseen Realm {rC++}
  6082 | D:7      | Found Cihe's Lightly-Used Armoury.
  6087 | D:7      | Reached skill level 10 in Armour
  6087 | D:7      | Reached XP level 10. HP: 79/79 MP: 9/9
  6229 | D:7      | Found a runed translucent door.
  6230 | D:7      | Noticed Crazy Yiuf
  6563 | D:8      | Reached *** piety under Hepliaklqana
  7425 | D:9      | Reached skill level 9 in Fighting
  7725 | D:9      | Killed Psyche
  8194 | D:9      | Found a runed translucent door.
  8195 | D:9      | Identified the +6 trident of Cheibriados's Anger {drain,
                  | *Slow rC+++ Str+5}
  8196 | D:9      | Noticed ProzacElf's ghost (novice TrHW)
  8242 | D:10     | Entered Level 10 of the Dungeon
  8614 | D:10     | Reached **** piety under Hepliaklqana
  8697 | D:10     | Noticed a five-headed hydra
  8706 | D:10     | Killed a five-headed hydra
  8707 | D:10     | Reached skill level 10 in Fighting
  9320 | D:10     | Noticed a gargoyle
  9338 | D:10     | Killed a gargoyle
  9339 | D:10     | Reached XP level 11. HP: 79/90 MP: 10/10
  9613 | D:10     | Found Pusaq's General Store.
  9625 | D:10     | Bought a potion of curing for 36 gold pieces
  9625 | D:10     | Bought a scroll of blinking for 90 gold pieces
  9859 | D:11     | Noticed Lodul
 10022 | D:11     | Found Ypadyc's Assorted Antiques.
 10024 | D:11     | Found a staircase to the Lair.
 10107 | D:11     | Found a staircase to the Orcish Mines.
 10427 | D:11     | Killed Lodul
 10428 | D:11     | Reached skill level 11 in Fighting
 10658 | D:11     | Noticed a boulder beetle
 10674 | D:11     | Killed a boulder beetle
 11163 | D:11     | Noticed a two-headed ogre
 11169 | D:11     | Killed a two-headed ogre
 11825 | D:12     | Reached skill level 5 in Shields
 11867 | D:12     | Noticed a two-headed ogre
 11873 | D:12     | Killed a two-headed ogre
 12015 | D:12     | Noticed a boulder beetle
 12050 | D:12     | Killed a boulder beetle
 12051 | D:12     | Reached skill level 12 in Fighting
 12199 | D:12     | Noticed a deep elf pyromancer
 12218 | D:12     | Killed a deep elf pyromancer
 12751 | D:13     | Noticed a cyan ugly thing
 12751 | D:13     | Noticed a centaur warrior
 12764 | D:13     | Killed a cyan ugly thing
 12765 | D:13     | Reached XP level 12. HP: 79/101 MP: 11/11
 12775 | D:13     | Killed a centaur warrior
 12874 | D:13     | Found a burning altar of Makhleb.
 13106 | D:13     | Noticed a centaur warrior
 13114 | D:13     | Killed a centaur warrior
 13240 | D:13     | Noticed a vault guard
 13410 | D:13     | Killed a vault guard
 13844 | D:11     | Bought a wand of mindburst (5) for 196 gold pieces
 13844 | D:11     | Bought a scroll of enchant armour for 210 gold pieces
 14276 | Lair:1   | Entered Level 1 of the Lair of Beasts
 14294 | Lair:1   | Reached skill level 13 in Fighting
 14320 | Lair:1   | Noticed a death yak
 14322 | Lair:1   | Noticed a death yak
 14331 | Lair:1   | Killed a death yak
 14363 | D:11     | Killed a death yak
 14718 | Lair:1   | Reached ***** piety under Hepliaklqana
 14939 | Lair:1   | Noticed an eight-headed hydra
 14948 | Lair:1   | Killed an eight-headed hydra
 15103 | Lair:1   | Reached skill level 10 in Shields
 15336 | Lair:1   | Identified the +2 leather armour of Hepliaklqana's Respect
                  | {Rampage rF+}
 16230 | Lair:2   | Reached XP level 13. HP: 101/110 MP: 12/12
 16607 | Lair:2   | Found a hole to the Spider Nest.
 16693 | Lair:2   | Reached skill level 14 in Fighting
 17702 | Lair:2   | Noticed Harold
 17720 | Lair:2   | Killed Harold
 17982 | Lair:3   | Found a frozen archway.
 18034 | IceCv    | Entered an ice cave
 18404 | IceCv    | Reached skill level 15 in Polearms
 19208 | Lair:3   | Identified the maw talisman of Nudehet {+Blink rF+ Int+5}
 19253 | Lair:3   | Reached skill level 15 in Fighting
 19486 | Lair:3   | Noticed Sonja
 19615 | Lair:3   | Killed Sonja
 19640 | Lair:3   | Identified the +0 leather armour of the Ten Runes {Will++
                  | Int-3 Dex+3 SInv}
 19715 | Lair:3   | Reached ****** piety under Hepliaklqana
 20497 | Lair:4   | Identified a scroll of acquirement
 20498 | Lair:4   | Acquired 702 gold pieces
 20512 | Lair:4   | Reached XP level 14. HP: 121/121 MP: 13/13
 20579 | Lair:4   | Reached skill level 1 in Dodging
 21244 | Lair:4   | Found a staircase to the Slime Pits.
 21604 | Lair:5   | Entered Level 5 of the Lair of Beasts
 21670 | Lair:5   | Reached skill level 16 in Fighting
 22577 | Lair:5   | Reached skill level 17 in Fighting
 22760 | Lair:5   | Identified the +9 rapier of the Eternal Warrior {venom,
                  | *Noise Will++ rCorr SInv}
 23390 | D:6      | Bought a scroll of identify for 24 gold pieces
 23390 | D:6      | Bought a scroll of identify for 24 gold pieces
 23610 | D:5      | Killed boberto's ghost
 24012 | Orc:1    | Entered Level 1 of the Orcish Mines
 24156 | Orc:2    | Entered Level 2 of the Orcish Mines
 24440 | Orc:2    | Found a staircase to the Elven Halls.
 24535 | Orc:2    | Found Ynnojagho's Armour Boutique.
 24535 | Orc:2    | Paralysed by an orc sorcerer for 2 turns
 24942 | Orc:2    | Paralysed by an orc sorcerer for 5 turns
 25347 | Orc:2    | Reached skill level 5 in Dodging
 25414 | Orc:2    | Found Voumish's Antique Weapon Boutique.
 25415 | Orc:2    | Found Taosih's Armour Shoppe.
 25415 | Orc:2    | Found Sevvasky's Armour Shoppe.
 25578 | Orc:2    | Bought the +1 pair of gloves "Peisu" {Str+3 Dex+5} for 432
                  | gold pieces
 26075 | D:13     | Reached XP level 15. HP: 123/134 MP: 14/14
 26090 | D:13     | Reached skill level 18 in Fighting
 26165 | D:13     | Found a gate to the Vaults.
 26510 | D:14     | Found a stormy altar of Qazlal.
 27115 | D:15     | Entered Level 15 of the Dungeon
 27340 | D:15     | Reached skill level 19 in Fighting
 28106 | D:15     | Identified the +0 robe of Aqaxad {rPois Dex+4}
 28124 | D:15     | Found a radiant altar of Vehumet.
 28241 | D:15     | Got the Folio of Virulent Pyromania
 28474 | D:15     | Found a staircase to the Depths.
 28552 | D:15     | Found Abrexoam's Jewellery Emporium.
 29209 | Lair:2   | Found a staircase to the Shoals.
 29247 | Spider:1 | Entered Level 1 of the Spider Nest
 30679 | Spider:2 | Reached skill level 20 in Fighting
 30885 | Spider:2 | Noticed Frances
 30908 | Spider:2 | Killed Frances
 30909 | Spider:2 | Reached XP level 16. HP: 100/145 MP: 15/15
 31912 | Spider:2 | Found the +9 staff of Olgreb {rPois∞}
 32213 | Spider:3 | Noticed Jorgrun
 32306 | Spider:3 | Killed Jorgrun
 32307 | Spider:3 | Reached skill level 10 in Dodging
 33054 | Spider:3 | Reached skill level 21 in Fighting
 33492 | Spider:3 | Identified the +9 long sword of Seqicuemn {antimagic,
                  | Str+3}
 33592 | Spider:3 | Noticed Azrael
 33621 | Spider:3 | Killed Azrael
 34413 | Spider:3 | Noticed Agnes
 34421 | Spider:3 | Killed Agnes
 34789 | Spider:4 | Entered Level 4 of the Spider Nest
 36278 | Spider:4 | Reached XP level 17. HP: 114/158 MP: 16/16
 36286 | Spider:4 | Reached skill level 22 in Fighting
 36857 | Spider:4 | Noticed Arachne
 37896 | Spider:3 | Killed Arachne
 39579 | Spider:4 | Got a gossamer rune of Zot
 40338 | D:6      | Bought +1 gold dragon scales for 957 gold pieces
 40821 | D:7      | Killed Crazy Yiuf
 40981 | D:9      | Killed ProzacElf's ghost
 41297 | Shoals:1 | Entered Level 1 of the Shoals
 41850 | Shoals:1 | Noticed a kraken
 42126 | Shoals:1 | Identified the +1 scale mail "Reihat" {Dex+6}
 42168 | Shoals:1 | Killed a kraken
 42601 | Shoals:2 | Noticed a kraken
 42618 | Shoals:2 | Killed a kraken
 43157 | Shoals:2 | Reached skill level 23 in Fighting
 43292 | Shoals:2 | Noticed Ilsuiw
 43523 | Shoals:2 | Killed Ilsuiw
 43763 | Shoals:2 | Noticed a kraken
 43777 | Shoals:2 | Killed a kraken
 44708 | Shoals:3 | Noticed Polyphemus
 44735 | Shoals:3 | Killed Polyphemus
 44964 | Shoals:3 | Reached XP level 18. HP: 146/171 MP: 17/17
 45681 | Shoals:4 | Entered Level 4 of the Shoals
 45706 | Shoals:4 | Noticed Mara
 45723 | Shoals:4 | HP: 1/171 [satyr/arrow (13)]
 45729 | Shoals:4 | Reached skill level 24 in Fighting
 45729 | Shoals:4 | Noticed Bai Suzhen
 47775 | Vaults:1 | Entered Level 1 of the Vaults
 49465 | Vaults:1 | Reached skill level 25 in Fighting
 49468 | Vaults:1 | Reached skill level 15 in Dodging
 51538 | Abyss:3  | Cast into level 3 of the Abyss (orc warlord)
 51626 | Abyss:3  | Gained mutation: You are clumsy. (Dex -2) [a cacodemon]
 51642 | Abyss:3  | Reached XP level 19. HP: 124/183 MP: 14/18
 51656 | Abyss:3  | Paralysed by accursed screaming for 1 turns
 51705 | Abyss:3  | Noticed a dread lich
 51795 | Abyss:3  | Reached skill level 26 in Fighting
 51914 | Abyss:3  | Killed a dread lich
 51923 | Vaults:2 | Escaped the Abyss
 52297 | Vaults:2 | Got Sif Muna's Catalogue of Grey Darkness
 52348 | Vaults:2 | Found a transporter.
 52392 | Vaults:2 | Found a one-way gate to the infinite horrors of the Abyss.
 52392 | Vaults:2 | Noticed Anosyof's ghost (adept CeHu)
 52427 | Vaults:2 | Found a transporter.
 52494 | Vaults:2 | Reached skill level 15 in Shields
 53036 | Vaults:2 | Killed Anosyof's ghost
 53492 | Vaults:3 | Reached skill level 15 in Armour
 53806 | Vaults:3 | Found a staircase to the Crypt.
 53925 | Vaults:3 | Noticed a Brimstone Fiend
 53946 | Vaults:3 | Identified the +7 dagger "Murmur" {freeze, SInv}
 54478 | Vaults:3 | HP: 9/185 [ironbound thunderhulk/bolt of lightning (45)]
 54479 | Vaults:3 | Killed from afar by an ironbound thunderhulk

Illustrated notes

Levels and vault maps discovered:
D:1:      dpeg_arrival_arbitrary_c, layout_basic,
          shapermc_ecumenical_altar_mp_urbaneastern,
          chequers_serial_rivers_small_b, minmay_small_reverse_x
D:2:      layout_rooms, grunt_ministairs_15
D:3:      layout_loops_cross, mainiacjoe_overflow_chevrons
D:4:      layout_basic, nicolae_hepliaklqana_hazy_memory
D:5:      layout_basic, grunt_gozag_breadcrumbs, nicolae_overflow_squiral,
          minmay_temple_entry_enclosed_plants, ebering_ghost_sewer_d,
          gup_sewer_entry_pipe, uniq_menkaure, uniq_ijyb, uniq_eustachio
D:6:      layout_layer_cave, minmay_shop_grid_forest, minmay_microvault,
          uniq_prince_ribbit1, uniq_grinder, uniq_jeremiah
D:7:      layout_basic, minmay_shop_damaged, uniq_crazy_yiuf_cottage
D:8:      layout_basic, roderic_serpentine_path, minmay_circle_x
D:9:      layout_loops_ring, ebering_ghost_funeral_grove, uniq_psyche
D:10:     layout_long_grid, serial_shops, nicolae_shop_peninsula,
          grunt_ministairs_10
D:11:     layout_loops_ring, lair_entry_dummy, minmay_orc_entry_temple_small,
          serial_shops, shop, palyth_stone_intersect, uniq_lodul
D:12:     layout_basic, kennysheep_generic_room_11
D:13:     layout_roguey, grunt_vaults_entry_fortified, amcnicky_mini_pool_small,
          grunt_decor_resistance, bloody_makhleb
D:14:     layout_loops_ring, nicolae_qazlal_eye_of_the_storm
D:15:     gammafunk_enter_depths_forms, layout_basic, serial_shops,
          nicolae_shop_gaudy_bauble, vehumet_crystals
Lair:1:   layout_regular_city, minmay_shattered_shrine
Lair:2:   layout_regular_city, shoals_dummy_entry, spider_nest_entry_funnel_web,
          ice2_lemuel, uniq_harold
Lair:3:   layout_cave_shapes, portal_ice_cave_entry_pillars_1,
          lemuel_fruit_tree, grunt_megastairs_1, uniq_sonja
Lair:4:   layout_cave_pods, minmay_slime_entry_pillars
Lair:5:   gammafunk_lair_ancient_temple, layout_loops_ring,
          infiniplex_staircase_pool_2
Shoals:1: layout_shoals, nicolae_shoals_land_atoll
Shoals:2: layout_shoals, uniq_ilsuiw
Shoals:3: layout_shoals, yaktaur_hedge, uniq_polyphemus
Shoals:4: shoals_end_hangedman, layout_shoals, serial_shops,
          nicolae_shop_statue_plus, uniq_bai_suzhen, uniq_mara
Spider:1: layout_cave_pods
Spider:2: layout_chambers, drop_trap, uniq_frances
Spider:3: layout_chambers, uniq_azrael, uniq_jorgrun, uniq_agnes
Spider:4: johnstein_spider_rune_arachne_lair
Orc:1:    layout_diamond_mine, serial_shops, nicolae_shop_waterfront
Orc:2:    st_orc_elflike, layout_diamond_mine, nicolae_orc_crystal_seam,
          regret_index_minedec_guest_junction
Vaults:1: nicolae_vaults_closet_pinwheel_2, v_misc_17,
          nicolae_vaults_lightning_bolt, nicolae_vaults_diamond_2, v_misc_30,
          vaults_room_guarded_vault, ontoclasm_vaults_idyll,
          nicolae_vaults_trapezoid_4, nicolae_vaults_closet_pinwheel_4,
          layout_vaults_quadrants
Vaults:2: gammafunk_ghost_abyssal_escape, v_pattern_1,
          vaults_standard_mumra_enter_the_diamond,
          nicolae_vaults_library_corner, nicolae_vaults_bisected_slash,
          vaults_standard_mumra_enter_the_diamond, grunt_vaults_swirl,
          nicolae_vaults_trapezoid_2, nicolae_vaults_surprise_closet,
          nicolae_vaults_alarming, vaults_room_semicircle,
          layout_vaults_big_room
Vaults:3: nicolae_vaults_apartment_1, nicolae_vaults_tetromino_L_2,
          minmay_crypt_entry_simple_plaza, st_cross, grunt_vaults_hallway_short,
          nicolae_vaults_oval_intersection, hangedman_vaults_trim,
          vaults_dpeg_encased_lava, nicolae_vaults_network_quincunx
          [nicolae_vaults_network_quincunx_subvault,
          nicolae_vaults_network_quincunx_subvault,
          nicolae_vaults_network_quincunx_subvault,
          nicolae_vaults_network_quincunx_subvault,
          nicolae_vaults_network_quincunx_subvault], v_misc_29,
          nicolae_vaults_circle_grid_a, nicolae_vaults_little_squares_6,
          nicolae_vaults_theta, vaults_mumra_hex,
          nicolae_vaults_storage_closets_1, ontoclasm_vaults_idyll,
          layout_vaults_omnicross, serial_shops, shop

Skill      XL: |  1  2  3  4  5  6  7  8  9 10 11 12 13 14 15 16 17 18 19 |
---------------+----------------------------------------------------------+-----
Fighting       | 4 5 6 8 10 12 13 15 17 20 21 23 25 26 | 26.9
Axes           | 3 4 |  4.1
Shields        | 4 6 11 14 16 | 16.0
Armour         | 4 5 6 8 10 12 13 16 | 16.1
Polearms       | 1 3 5 7 9 11 13 14 15 16 17 18 19 20 | 20.3
Evocations     | 1 2 |  2.1
Dodging        | 5 9 12 14 15 | 15.2
Unarmed Combat | |  0.5

Action                     |  1- 3 |  4- 6 |  7- 9 | 10-12 | 13-15 | 16-18 | 19-21 || total
---------------------------+-------+-------+-------+-------+-------+-------+-------++-------
  Melee: War axe           |    70 |    10 |       |       |       |       |       ||    80
         Headbutt          |    12 |    11 |    13 |    58 |   154 |   269 |    75 ||   592
         Lance             |       |    84 |   112 |   288 |   785 |  1104 |   314 ||  2687
         Unarmed           |       |       |       |     3 |       |       |       ||     3
  Throw: Dart              |       |       |       |       |     2 |    94 |       ||    96
         Javelin           |       |       |       |       |       |    16 |       ||    16
         Boomerang         |       |       |       |       |       |     6 |       ||     6
 Invoke: Ancestor Life: He |       |       |     1 |       |       |       |       ||     1
         Transference      |       |       |       |     1 |       |       |       ||     1
         Recall Ancestor   |       |       |       |       |     1 |     4 |     3 ||     8
  Evoke: Wand              |       |     3 |     3 |    18 |    16 |    16 |     3 ||    59
         Phantom mirror    |       |       |       |     1 |       |     2 |       ||     3
    Use: Scroll            |       |     2 |     7 |    14 |    13 |    17 |     2 ||    55
         Potion            |       |       |       |     2 |     1 |    22 |     1 ||    26
   Stab: Confused          |       |       |       |    13 |    16 |    19 |    16 ||    64
         Distracted        |       |       |       |     4 |    12 |    12 |     3 ||    31
         Paralysed         |       |       |       |       |    26 |    75 |    10 ||   111
 Armour: Scale mail        |    51 |    73 |   100 |   279 |   452 |   507 |       ||  1462
         Skin              |       |       |       |     7 |       |       |       ||     7
         Gold dragon scale |       |       |       |       |       |   582 |   141 ||   723
  Dodge: Dodged            |    44 |    50 |    72 |   108 |   303 |   710 |    74 ||  1361
  Block: Buckler           |    26 |    27 |    16 |       |       |       |       ||    69
         Kite shield       |       |       |    38 |   172 |   433 |   903 |   125 ||  1671
